 Dungeon Crawl Stone Soup version 0.28-a0-691-gad6df49e81 (webtiles) character file.

Game seed: 3238045286128986543

95 mordus the Shield-Bearer (level 4, -2/35 HPs)
             Began as a Formicid Fighter on Oct 20, 2021.
             Killed from afar by a steam dragon (12 damage)
             ... with a ball of steam
             ... on level 3 of the Dungeon.
             The game lasted 00:02:26 (2435 turns).

mordus the Shield-Bearer (Formicid Fighter)         Turns: 2435, Time: 00:02:27

Health: -2/35      AC:  7    Str: 22    XL:     4   Next: 97%
Magic:  4/4        EV: 11    Int:  7    God:
Gold:   74         SH:  4    Dex: 10    Spells: 3/3 levels left

rFire   . . .      SeeInvis +   a - +0 flail
rCold   . . .      Faith    .   c - +0 buckler
rNeg    . . .      Spirit   .   j - +3 leather armour
rPois   .          Reflect  .   (helmet unavailable)
rElec   .          Harm     .   (no cloak)
rCorr   .          Rampage  .   g - +0 pair of gloves
Will    .....                   (no boots)
Stlth   +.........              (no amulet)
HPRegen 0.11/turn               (no ring)
MPRegen 0.09/turn               (no ring)

@: no status effects
A: permanent stasis, dig shafts and tunnels, antennae 3, four strong arms
a: Dig, Shaft Self


You were on level 3 of the Dungeon.
You visited 1 branch of the dungeon, and saw 3 of its levels.

You collected 74 gold pieces.

Inventory:

Hand Weapons
 a - a +0 flail (weapon)
Armour
 b - a +0 scale mail
 c - a +0 buckler (worn)
 g - a +0 pair of gloves (worn)
 j - a +3 leather armour (worn)
Jewellery
 f - a ring of wizardry
 q - a ring of protection from fire
Scrolls
 e - a scroll of magic mapping {unknown}
 i - 2 scrolls of silence {unknown}
 l - a scroll of acquirement {unknown}
 m - a scroll of immolation {unknown}
 n - 2 scrolls of teleportation {unknown}
 o - a scroll of fear {unknown}
 p - a scroll of identify {unknown}
Potions
 d - a potion of might
 h - a potion of haste {unknown}
 k - a potion of ambrosia {unknown}


   Skills:
 - Level 3.2 Fighting
 * Level 3.5 Maces & Flails
 + Level 4.1 Armour
 + Level 4.4 Shields


You had 3 spell levels left.
You didn't know any spells.
Your spell library contained the following spells:

 Spells                   Type           Power      Damage    Failure   Level
 Slow                     Hex            0%         N/A       63%         2
 Confusing Touch          Hex            0%         N/A       85%         3
 Yara's Violent Unravell  Hex/Tmut       0%         3d3       100%        5
 Malign Gateway           Summ/Tloc      0%         N/A       100%        7
 Summon Horrible Things   Summ           0%         N/A       100%        8


Dungeon Overview and Level Annotations

Branches:
Dungeon (3/15)

Altars:
Nemelex Xobeh
Trog
Vehumet


Innate Abilities, Weirdness & Mutations

You cannot be hasted, slowed, berserked, paralysed or teleported.
You can dig through walls and to a lower floor.
You have a pair of large antennae on your head. (SInv)
Your four strong arms can wield two-handed weapons with a shield.


Message History

You see here a ball python corpse.
You see here a ball python corpse.
You sense a monster nearby.
No target in view!
A steam dragon comes into view.
The steam dragon hisses angrily.
A steam dragon is nearby!
You closely miss the steam dragon. The steam dragon breathes steam at you.
The ball of steam hits you!
You completely miss the steam dragon.
You are engulfed in a cloud of scalding steam.
You block the steam dragon's attack.
The steam dragon claws you but does no damage.
You're standing in a cloud of steam!
You closely miss the steam dragon.
You are engulfed in a cloud of scalding steam.
The steam dragon misses you. The steam dragon barely misses you.
The steam dragon closely misses you. The steam dragon barely misses you.
A steam dragon is nearby!
You closely miss the steam dragon.
The steam dragon bites you but does no damage.
The steam dragon claws you but does no damage.
A steam dragon is nearby!
You barely miss the steam dragon. The steam dragon barely misses you.
The steam dragon claws you but does no damage.
A steam dragon is nearby!
You closely miss the steam dragon. The steam dragon bites you.
The steam dragon barely misses you.
You hit the steam dragon.
The steam dragon is lightly wounded.
The steam dragon closely misses you. x2; The steam dragon bites you.
The steam dragon claws you.
* * * LOW HITPOINT WARNING * * *
A steam dragon is nearby!
You are too injured to fight recklessly!
You barely miss the steam dragon. The steam dragon breathes steam at you.
The ball of steam hits you!
You die...

#####....#
#.....#
#....#
#<#..##
#.####
####.# ♣.♣♣♣
.# ♣...♣♣ .#
♣♣♣..♣♣ .#
♣♣..♣ ♣..
♣.♣♣
♣♣♣♣...♣ ♣
♣♣.♣♣ ♣♣@D.♣
♣
♣♣.♣♣♣♣.♣♣♣♣
♣ ♣÷.♣♣...♣
♣♣....♣♣♣
♣♣♣.♣♣ ♣♣♣♣♣
♣♣♣ ♣.♣♣♣
♣♣(..♣♣
..♣♣♣ ♣♣..♣
♣..(..♣
.)..♣♣ ♣♣.♣
♣♣♣.....♣
♣♣...♣♣♣♣
♣♣.♣
♣.)....♣♣


You could see a steam dragon (catching breath).

Vanquished Creatures
  3 adders (D:3)
  A dart slug (D:1)
  An orc (D:3)
  3 endoplasms
  A giant cockroach (D:2)
  6 goblins
  10 hobgoblins
  7 jackals
  3 quokkas
  12 ball pythons
  3 bats
  5 frilled lizards
  2 kobolds
  2 rats
59 creatures vanquished.

Notes
Turn   | Place    | Note
-------+----------+-------------------------------------------
     0 | D:1      | mordus the Formicid Fighter began the quest for the Orb.
     0 | D:1      | Reached XP level 1. HP: 18/18 MP: 1/1
    18 | D:1      | Found a faded altar of an unknown god.
    39 | D:1      | Reached XP level 2. HP: 19/24 MP: 2/2
   356 | D:1      | Reached XP level 3. HP: 29/29 MP: 3/3
  1500 | D:2      | Found a sparkling altar of Nemelex Xobeh.
  1726 | D:3      | Reached XP level 4. HP: 35/35 MP: 4/4
  1726 | D:3      | Found a radiant altar of Vehumet.
  2062 | D:3      | Found a bloodstained altar of Trog.
  2426 | D:3      | Noticed a steam dragon
  2435 | D:3      | Killed from afar by a steam dragon

Illustrated notes

Levels and vault maps discovered:
D:1:      saegor_arrival_simple_b, layout_basic,
          hellmonk_ecumenical_altar_dog_temple
D:2:      layout_basic, basic_altar
D:3:      kb_forest_paths, layout_basic, trog_book, vehumet_crystals

Skill      XL: |  1  2  3  4 |
---------------+-------------+-----
Shields        | 4 |  4.4
Maces & Flails | 3 |  3.5
Armour         | 4 |  4.1
Fighting       | |  3.2

Action                   |  1- 3 |  4- 6 || total
-------------------------+-------+-------++-------
Melee: Flail             |   128 |    65 ||   193
Armor: Scale mail        |    51 |       ||    51
       Leather armour    |    10 |    40 ||    50
Dodge: Dodged            |    74 |    54 ||   128
Block: Buckler           |    29 |    22 ||    51

Table legend: (Time is in decaauts)
 A = Elapsed time spent in this place.
 B = Non-inter-level travel time spent in this place.
 C = Inter-level travel time spent in this place.
 D = Time resting spent in this place.
 E = Time spent auto-exploring this place.
 F = Levels seen in this place.
 G = Mean time per level.
                   A        B        C        D        E       F      G
               +--------+--------+--------+--------+--------+-----+--------+
         Total |   2483 |   2451 |     32 |    181 |   1768 |   3 |  827.7 |
       Dungeon |   2483 |   2451 |     32 |    181 |   1768 |   3 |  827.7 |
               +--------+--------+--------+--------+--------+-----+--------+

Top non-repeatable levels by time:
     D:1: 1068 daAuts
     D:3: 742 daAuts
     D:2: 672 daAuts
